AoeStats
← Coyunto90

Four Lakes

510074810Analyzed
1v1 RM · 3d ago on Sep 29, 2026· 34m 58s· 2 players
Game mode
Random Map
Map size
Tiny (2 player)
Population
200
Speed
Normal
Resources
Standard
Victory
Conquest
Starting age
Dark Age
Ending age
Imperial Age
RankedLock teamsTeams togetherTeam positionsShared explorationLock speedFull tech treeHidden civsTurbo modeCheats
Victory
Defeat
🇪🇸 Franks · Spain
1124
+16
🇬🇧 Dravidians · United Kingdom
1133
-16
Coyunto90
7:36 Loom
10:00 Feudal Age
10:30 Double-Bit Axe
16:11 Fishing Lines
25:16 Castle Age
23:51 Gold Mining
24:09 Scale Barding Armor
25:01 Wheelbarrow
25:14 Fletching
25:55 Bodkin Arrow
26:26 Gillnets
29:20 Husbandry
32:17 Chain Barding Armor
32:55 Hand Cart
34:49 Murder Holes
stonedinaldi
7:32 Loom
10:41 Feudal Age
11:15 Double-Bit Axe
11:01 Man-at-Arms
21:21 Castle Age
20:02 Scale Mail Armor
21:57 Pikeman
22:29 Elite Skirmisher
24:20 Fletching
24:46 Chain Mail Armor
24:44 Long Swordsman
25:11 Arson
27:01 Gambesons
27:17 Squires
31:36 Forging
35:54 Wheelbarrow
35:04 Town Watch
Connection lost

Rejoining the realm…

Still unreachable

The connection could not be restored.

Session expired

The server has moved on; the page needs a fresh start.